 Dungeon Sprint DCSS version 0.17-a0-1718-g72dbe4d (webtiles) character file.

900000 ztt the Ninja (level 14, -4/135 HPs)
             Began as a Ghoul Wanderer on Aug 26, 2015.
             Was a Follower of Makhleb.
             Slain by a bag of meat
             ... wielding a +9 war axe
              (30 damage)
             ... in the Dungeon (Sprint VIII: "Arena of Blood").
             The game lasted 00:00:24 (9 turns).

ztt the Ninja (Ghoul Wanderer)                         Turns: 9, Time: 00:00:24

Health: -4/135     AC:  2    Str: 20    XL:     14   Next: 66%
Magic:  13/13      EV: 11    Int:  7    God:    Makhleb [*.....]
Gold:   0          SH:  0    Dex:  9    Spells: 0 memorised, 13 levels left

rFire  . . .     SeeInvis .     k - +∞ Axe of Woe
rCold  + . .     Clarity  .     e - +0 robe
rNeg   + + +     SustAt   .     (no shield)
rPois  ∞         Gourm    .     (no helmet)
rElec  .         Spirit   .     (no cloak)
rCorr  .         Warding  .     (no gloves)
rMut   .         NoTele   +     (no boots)
MR     +....                    (no amulet)
Stlth  +++++++++.               (no ring)
                                (no ring)

@: rotting, somewhat resistant to hostile enchantments, incredibly stealthy
A: rotting body, claws 1, carnivore 3, cold resistance 1, negative energy
resistance 3, slow healing 1, torment resistance, unbreathing
a: Renounce Religion


You were in the Dungeon.
You worshipped Makhleb.
Makhleb was aware of your devotion.
You were not hungry.

You visited 1 branch

Inventory:

Hand weapons
 a - a +2 dagger
 c - a +0 short sword
 k - the +∞ Axe of Woe (weapon)
   (You found it in the Dungeon)
Armour
 e - a +0 robe (worn)
Scrolls
 j - a scroll of blinking
Potions
 b - 2 potions of haste
 d - 2 potions of curing
 g - a potion of heal wounds
 h - 2 potions of magic
 i - a potion of berserk rage
Comestibles
 f - a meat ration


   Skills:
 + Level 15.2 Fighting
 + Level 22.3 Short Blades
 + Level 6.4 Axes
 + Level 6.7 Throwing
 O Level 27 Stealth


You had 13 spell levels left.
You didn't know any spells.

Dungeon Overview and Level Annotations

Branches:
Dungeon (1/1)

Altars:
Makhleb


Innate Abilities, Weirdness & Mutations

Your body is rotting away.
You thrive on raw meat.
You are immune to poison.
You have sharp fingernails.
You are carnivorous and can eat meat at any time.
Your flesh is cold resistant.
You are immune to negative energy.
You heal slowly when monsters are visible.
You are immune to unholy pain and torment.
You can survive without breathing.


Message History

Unknown command.
The bag of meat shouts!
You slice the meat berserker!!
You pulverise the meat berserker into a thin bloody mist.
You kill the meat berserker!
Makhleb accepts your kill.
You feel better.
Your Fighting skill gained 4 levels and is now at level 15!
Your Short Blades skill gained 5 levels and is now at level 22!
Your Axes skill gained 3 levels and is now at level 6!
Your Throwing skill gained 2 levels and is now at level 6!
You have reached level 14!
You hear a shout! x7
The meat berserker hits you with a +9 battleaxe!!!!
Ouch! That really hurt!
* * * LOW HITPOINT WARNING * * *
The bag of meat hits you with a +9 war axe!
* * * LOW HITPOINT WARNING * * *
The bag of meat hits you with a +9 war axe!!
You die...

#.. ..# .###..
...###...
......###......o.
....._.........
#.....# ..... .
#_.<._#......
....#.....#o.....
......._..OO.....
......###@o......
.###....o).###...
#.....O.#
#......o#
.......o..
...........
...........
...o...ooo##


You could see 3 meat berserkers and 10 bags of meat.

Vanquished Creatures
  An ogre (D)
  2 orcs (D)
3 creatures vanquished.

Notes
Turn   | Place    | Note
--------------------------------------------------------------
     0 | D        | ztt the Ghoul Wanderer began the quest for the Orb.
     0 | D        | ztt set off with: a +2 dagger, 2 potions of haste, a +0 short sword, 2 potions of curing, a +0 robe, a meat ration, a potion of heal wounds, 2 potions of magic, a potion of berserk rage, a scroll of blinking
     0 | D        | Reached XP level 1. HP: 17/17 MP: 0/0
     3 | D        | Noticed a bag of meat
     4 | D        | Noticed a bag of meat
     4 | D        | Became a worshipper of Makhleb the Destroyer
     5 | D        | Noticed a bag of meat
     6 | D        | Noticed a bag of meat
     6 | D        | Noticed a bag of meat
     7 | D        | Noticed a bag of meat
     7 | D        | Killed a bag of meat
     7 | D        | Reached skill level 9 in Fighting
     7 | D        | Reached skill level 14 in Short Blades
     7 | D        | Reached skill level 24 in Stealth
     7 | D        | Reached XP level 2. HP: 21/37 MP: 1/1
     7 | D        | Reached XP level 3. HP: 23/42 MP: 2/2
     7 | D        | Reached XP level 4. HP: 27/50 MP: 3/3
     7 | D        | Reached XP level 5. HP: 30/57 MP: 4/4
     7 | D        | Reached XP level 6. HP: 33/63 MP: 5/5
     7 | D        | Reached XP level 7. HP: 36/70 MP: 6/6
     7 | D        | Reached XP level 8. HP: 40/78 MP: 7/7
     7 | D        | Reached XP level 9. HP: 42/83 MP: 8/8
     7 | D        | Reached XP level 10. HP: 46/91 MP: 9/9
     7 | D        | Reached XP level 11. HP: 49/97 MP: 10/10
     7 | D        | Reached XP level 12. HP: 52/104 MP: 11/11
     8 | D        | Noticed a meat berserker
     8 | D        | Noticed a bag of meat
     8 | D        | Noticed a bag of meat
     8 | D        | Noticed a meat berserker
     8 | D        | Killed a bag of meat
     8 | D        | Acquired Makhleb's first power
     8 | D        | Reached skill level 27 in Stealth
     8 | D        | Reached XP level 13. HP: 54/116 MP: 12/12
     9 | D        | Noticed a meat berserker
     9 | D        | Noticed a bag of meat
     9 | D        | Noticed a meat berserker
     9 | D        | Killed a meat berserker
     9 | D        | Reached skill level 15 in Fighting
     9 | D        | Reached XP level 14. HP: 116/135 MP: 13/13
     9 | D        | Slain by a bag of meat

Vault maps used:
D:        meatsprint

Action                   |  1- 3 |  4- 6 |  7- 9 | 10-12 | 13-15 || total
-------------------------+-------+-------+-------+-------+-------++-------
Melee: Executioner's axe |     1 |       |       |     1 |     1 ||     3
